Map: Neon Violet Square LE

Players

Ghostpants

  • Race: Terran Terran
  • Spawn Location: 5:00

LaFantome - Winner!

  • Race: Zerg Zerg
  • Spawn Location: 11:00

VOD

Have the link to the VOD?

Description

Time

  • Played on: Dec. 7, 2017, 4:45 p.m.
  • Length: 19:46
Show
View Real Time Build Order
Export as new Build Order

Ghostpants Terran 

Build Orders: Reaper Expand, MMM Bio 

Get SALT Encoding   

  12  0:03  SCV  
  13  0:15  SCV  
  13  0:20  Supply Depot  
  14  0:27  SCV  
  15  0:30  Refinery  
  15  0:42  SCV  
  16  0:46  Barracks  
  16  0:54  SCV  
  17  1:06  SCV  
  18  1:18  SCV  
  19  1:33  Reaper  
  19  1:34  Orbital Command  
  20  1:48  Command Center  
  20  1:58  Factory  
  20  2:02  SCV  
  20  2:07  Barracks Reactor  
  21  2:14  SCV  
  22  2:18  Supply Depot  
  22  2:26  SCV  
  23  2:40  SCV  
  25  2:52  SCV  
  25  3:03  Hellion x2  
  29  3:06  Orbital Command  
  29  3:09  Reaper  
  29  3:11  SCV  
  31  3:13  Command Center  
  31  3:23  SCV  
  31  3:24  Hellion x2  
  36  3:35  SCV  
  36  3:37  SCV, Supply Depot  
  36  3:39  Refinery  
  39  3:48  Widow Mine x2  
  39  3:52  Barracks Tech Lab  
  39  3:53  SCV x2  
  44  4:02  Starport  
  44  4:04  Barracks  
  44  4:05  SCV x2  
  46  4:13  Barracks  
  44  4:20  Marauder  
  46  4:31  SCV x2  
  46  4:32  SCV  
  46  4:34  Refinery x2  
  46  4:38  Engineering Bay  
  49  4:40  Engineering Bay  
  47  4:51  Marauder  
  49  4:53  Starport Reactor  
  49  4:55  Stimpack, SCV x3  
  50  5:09  Barracks Reactor  
  50  5:10  SCV, Barracks Reactor  
  50  5:11  SCV  
  50  5:13  Orbital Command  
  52  5:23  Barracks  
  52  5:24  Barracks, Terran Infantry Weapons Level 1  
  52  5:26  Terran Infantry Armor Level 1  
  52  5:27  SCV  
  53  5:33  Armory, SCV  
  53  5:34  Marine  
  55  5:40  SCV x2  
  57  5:46  Marine x4  
  57  5:49  SCV  
  62  5:54  Medivac  
  62  5:55  Medivac  
  66  5:59  Supply Depot  
  66  6:00  SCV x2, Supply Depot  
  66  6:02  Supply Depot  
  66  6:03  SCV  
  69  6:12  Barracks Reactor x2  
  69  6:20  Marine x2  
  69  6:21  Marauder, Marine x2, SCV x3  
  78  6:28  Viking  
  80  6:32  Refinery  
  80  6:33  SCV x2, Refinery  
  80  6:34  SCV  
  80  6:36  Supply Depot  
  83  6:41  Supply Depot  
  83  6:44  Supply Depot  
  83  6:45  SCV  
  84  6:53  SCV x2  
  86  6:54  Marine x3  
  86  6:55  Marine x2, Marauder, Combat Shields  
  86  6:58  Marine, SCV  
  95  7:05  Missile Turret  
  95  7:08  Missile Turret  
  95  7:14  SCV x3  
  98  7:18  Marine x2  
  98  7:19  Marine x3, Marauder, Missile Turret  
  105  7:24  Supply Depot  
  105  7:28  Marine  
  105  7:29  Marine x2  
  108  7:37  Terran Infantry Weapons Level 2  
  108  7:38  Barracks  
  108  7:40  Supply Depot  
  108  7:42  Terran Infantry Armor Level 2  
  108  7:44  Terran Ship Weapons Level 1  
  108  7:49  Supply Depot  
  96  8:02  Marine x4, Marauder  
  99  8:06  Medivac x2  
  99  8:12  Starport  
  103  8:13  Marine x3  
  103  8:14  Marine  
  107  8:23  Marauder  
  109  8:29  Barracks Tech Lab  
  109  8:30  Liberator x2, Marine x4, Command Center  
  109  8:31  Marine, Refinery  
  109  8:32  Concussive Shells  
  114  8:34  SCV x3, Refinery  
  114  8:41  Marine x3  
  118  8:45  Marauder  
  128  8:51  Marine x3  
  128  8:52  Marine x2, Marauder  
  135  8:59  Marine x2  
  135  9:02  Marine  
  137  9:04  Starport Reactor  
  137  9:06  Marauder  
  137  9:09  Marine  
  141  9:11  Supply Depot  
  141  9:14  Supply Depot  
  141  9:15  Liberator x2  
  141  9:28  Supply Depot  
  141  9:32  Marine x2, Supply Depot  
  141  9:36  Factory Tech Lab, Marine x4, Marauder  
  141  9:37  Liberator x2  
  155  9:52  Marine x4, Marauder  
  155  9:58  Liberator x2  
  157  10:12  Planetary Fortress  
  157  10:14  SCV x2  
  159  10:16  SCV  
  159  10:19  Liberator  
  159  10:20  Liberator, Terran Ship Weapons Level 2  
  166  10:33  Marine x3, Marauder x2  
  166  10:35  Marine  
  174  10:41  Liberator x2  
  179  10:46  Marine  
  179  10:47  Marine x3  
  180  10:54  Supply Depot  
  180  10:59  Fusion Core  
  186  11:09  Starport  
  188  11:11  Siege Tank  
  164  11:26  Marine x6, Marauder  
  164  11:27  Marine, Marauder  
  164  11:30  Medivac x2  
  174  11:55  Marine x6, Marauder x2  
  184  12:03  Starport Tech Lab  
  184  12:08  Terran Infantry Weapons Level 3  
  184  12:10  Terran Infantry Armor Level 3  
  184  12:28  Advanced Ballistics  
  184  12:30  Command Center  
  184  12:33  Missile Turret  
  184  12:34  Sensor Tower  
  184  12:36  Terran Vehicle And Ship Armor Level 1  
  151  12:37  Liberator  
  151  12:38  Liberator x4  
  151  12:58  Marine  
  151  12:59  Marine x7, Marauder x2  
  151  13:04  Refinery  
  151  13:05  Refinery  
  163  13:15  Weapon Refit  
  163  13:16  Marine  
  164  13:25  Marine x5, Marauder x2  
  164  13:26  Marine x2  
  175  13:37  Medivac x2  
  175  13:38  Viking x2  
  183  13:43  Marine  
  183  13:44  Marine  
  183  13:45  Marine x6  
  183  13:47  Marauder x2  
  195  13:49  Viking  
  195  13:52  Planetary Fortress  
  197  14:00  Marine  
  159  14:31  Battlecruiser  
  165  14:39  Starport  
  165  14:40  Starport  
  165  14:41  Starport x2  
  165  14:57  Viking x3  
  165  14:58  Viking  
  173  15:17  Starport Tech Lab x3  
  173  15:19  Starport Tech Lab  
  173  15:22  Missile Turret  
  173  15:25  Command Center, Missile Turret  
  173  15:31  Missile Turret  
  173  15:34  Missile Turret  
  173  15:35  Missile Turret  
  173  15:40  Missile Turret  
  173  15:44  Barracks  
  173  15:48  Barracks x2  
  173  15:56  Terran Ship Weapons Level 3  
  173  15:59  Building Armor  
  179  16:04  Battlecruiser x4  
  194  16:12  Battlecruiser  
  200  16:27  Hyperflight Rotors  
  200  16:40  Missile Turret  
  174  16:55  Planetary Fortress  
  180  17:08  Battlecruiser x3  
  180  17:15  Battlecruiser  
  133  17:46  Marine x6, Marauder x2  
  121  17:52  Marine x2  
  103  18:04  Marine x2  
  91  18:06  Marine  
  91  18:07  Marine x3, Marauder  
  91  18:08  Marauder  
  91  18:09  Marine, Viking  
  91  18:10  Viking x2  
  81  18:29  Marauder  
  80  18:41  Marine, Marauder  
  83  18:57  Medivac x2  
  83  18:58  Medivac  
  83  18:59  Marine x3  
  92  19:24  Command Center  
  92  19:25  Marine x2  
  92  19:26  Marine x6  
Show
View Real Time Build Order
Export as new Build Order

LaFantome Zerg - Winner!

Build Orders: Hatch First 

Get SALT Encoding   

  12  0:01  Drone  
  13  0:15  Overlord  
  13  0:19  Drone  
  14  0:34  Drone x2  
  16  0:37  Drone  
  17  0:53  Hatchery  
  16  0:58  Drone  
  16  1:00  Drone  
  18  1:12  Extractor  
  18  1:17  Spawning Pool  
  16  1:21  Drone  
  16  1:22  Drone  
  18  1:31  Drone  
  19  1:42  Overlord  
  19  1:56  Drone  
  20  2:03  Zergling x2  
  20  2:05  Queen x2  
  20  2:06  Zergling x2  
  26  2:13  Metabolic Boost  
  26  2:17  Drone x2  
  28  2:28  Drone  
  28  2:29  Drone  
  30  2:38  Drone, Overlord  
  31  2:48  Extractor  
  31  3:03  Queen x2  
  31  3:05  Drone  
  36  3:08  Hatchery  
  36  3:12  Drone x3  
  38  3:24  Drone  
  38  3:25  Drone x5  
  44  3:30  Overlord  
  44  3:34  Overlord  
  44  3:50  Drone x7  
  44  3:53  Extractor  
  44  3:54  Extractor  
  44  3:55  Evolution Chamber  
  46  4:00  Evolution Chamber  
  45  4:04  Roach Warren, Zergling x4  
  45  4:05  Zergling x2  
  47  4:11  Zergling x2  
  46  4:27  Drone  
  46  4:28  Drone x2  
  46  4:29  Zerg Missile Weapons Level 1  
  49  4:38  Drone x4  
  53  4:49  Drone  
  53  4:50  Drone x6  
  60  4:56  Drone x4  
  60  4:57  Drone, Overlord  
  61  5:09  Drone  
  61  5:10  Drone x4  
  61  5:11  Extractor  
  61  5:13  Extractor  
  66  5:14  Overlord, Queen x2  
  66  5:16  Overlord  
  66  5:20  Zerg Ground Armor Level 1  
  70  5:23  Lair  
  70  5:24  Drone x2, Overlord  
  70  5:31  Drone x3  
  70  5:34  Roach x2  
  77  5:40  Roach  
  77  5:41  Roach  
  81  5:51  Roach  
  81  5:52  Roach x7  
  81  5:55  Overlord  
  81  5:56  Overlord  
  97  6:09  Overlord  
  97  6:10  Overlord  
  97  6:30  Overseer, Hatchery  
  96  6:37  Glial Reconstitution  
  96  6:38  Zerg Missile Weapons Level 2, Hydralisk Den  
  95  6:54  Roach  
  95  6:55  Roach x16  
  95  6:57  Overlord x3  
  95  6:58  Overlord  
  129  7:02  Extractor  
  129  7:03  Drone x2  
  129  7:04  Overlord  
  129  7:05  Overlord  
  130  7:22  Muscular Augments  
  130  7:23  Drone x2, Overlord x2  
  132  7:39  Hydralisk  
  132  7:40  Hydralisk x5  
  144  7:49  Hydralisk x4  
  146  8:07  Drone  
  146  8:08  Drone x5  
  152  8:16  Infestation Pit  
  151  8:21  Hydralisk  
  151  8:22  Hydralisk x9  
  171  8:37  Drone x6  
  171  8:40  Overlord x2  
  177  8:44  Zerg Ground Armor Level 2  
  177  8:52  Overlord  
  177  8:53  Overlord, Hydralisk  
  177  8:54  Hydralisk x2  
  183  9:00  Zerg Melee Weapons Level 1  
  183  9:02  Hive  
  183  9:03  Hatchery  
  182  9:10  Hydralisk x5  
  192  9:29  Overseer  
  192  9:31  Overseer x2  
  192  9:37  Hydralisk  
  192  9:38  Hydralisk x3  
  196  10:15  Spore Crawler  
  196  10:18  Spore Crawler  
  196  10:20  Ultralisk Cavern  
  193  10:26  Drone  
  193  10:27  Drone x4  
  193  10:28  Drone  
  199  10:36  Extractor  
  199  10:37  Extractor  
  158  11:19  Ultralisk  
  158  11:20  Ultralisk x6  
  194  11:28  Chitinous Plating  
  194  11:31  Zerg Melee Weapons Level 2  
  194  11:54  Spire  
  194  11:57  Overlord  
  194  11:58  Overlord x2  
  193  12:09  Zerg Ground Armor Level 3  
  193  12:18  Extractor  
  193  12:22  Extractor  
  169  12:43  Ultralisk  
  163  12:44  Ultralisk x3  
  159  13:06  Corruptor  
  159  13:07  Corruptor x4  
  169  13:15  Adrenal Glands  
  169  13:19  Corruptor  
  171  13:27  Drone  
  171  13:28  Drone x9  
  181  13:38  Corruptor  
  181  13:39  Corruptor x3  
  181  13:40  Extractor  
  188  13:41  Hatchery  
  188  13:44  Overseer  
  188  13:45  Extractor  
  186  13:50  Drone x3  
  147  14:22  Ultralisk x5  
  145  14:30  Corruptor  
  149  14:33  Zergling x8  
  149  14:34  Zergling x2  
  147  14:56  Zergling x2  
  147  14:57  Zergling x14  
  147  15:00  Baneling Nest  
  146  15:08  Ultralisk  
  146  15:09  Ultralisk x3  
  170  15:19  Overseer x2  
  170  15:23  Hatchery  
  170  15:24  Extractor, Zerg Melee Weapons Level 3  
  170  15:25  Extractor  
  167  15:31  Drone x2  
  167  15:32  Drone x4  
  173  15:36  Overlord x2  
  173  15:47  Centrifical Hooks  
  173  15:51  Baneling x7  
  173  15:52  Baneling x13  
  173  15:53  Corruptor x5  
  173  15:56  Corruptor  
  185  16:00  Zerg Flyer Armor Level 1  
  185  16:07  Corruptor x2  
  189  16:11  Hatchery  
  188  16:28  Overlord x3  
  163  16:50  Corruptor x11  
  185  16:54  Zergling x2  
  185  16:55  Zergling x4  
  188  17:06  Drone x10  
  198  17:09  Drone x2  
  126  17:58  Corruptor  
  126  17:59  Corruptor x10  
  114  18:41  Corruptor  
  114  18:42  Corruptor x6  
  114  18:45  Extractor  
  127  18:50  Extractor  
  118  19:05  Ultralisk x3  
  136  19:12  Drone x6  
  125  19:41  Hatchery  
Tags
 
Add a new tag
Caveats
  • Supply blocks, unpowered buildings, or Contaminate may cause inaccurate times.
  • Supply counts are checked every 10 seconds.